Map: [ESL] Solaris

Players

gumiho - Winner!

  • Race: Terran Terran
  • Spawn Location: 7:00

Strange

  • Race: Protoss Protoss
  • League: Grandmaster
  • Spawn Location: 1:00

Event: IEM Katowice 2024

VOD

Have the link to the VOD?

Description

Time

  • Played on: Dec. 8, 2023, 1:13 p.m.
  • Length: 10:31

All games in this series

Show
View Real Time Build Order
Export as new Build Order

gumiho Terran - Winner!

Build Orders: Cyclone Opening 

Get SALT Encoding   

  12  0:00  SCV  
  13  0:12  SCV  
  14  0:17  Supply Depot  
  14  0:24  SCV  
  15  0:38  SCV  
  15  0:39  Barracks  
  16  0:43  Refinery  
  16  0:50  SCV  
  16  0:52  Refinery  
  17  1:02  SCV  
  18  1:14  SCV  
  19  1:19  Supply Depot  
  19  1:26  Reaper  
  19  1:27  Orbital Command  
  20  1:45  Factory  
  20  1:52  SCV  
  21  2:05  Barracks Reactor, SCV  
  22  2:15  Command Center  
  22  2:17  SCV  
  23  2:25  Supply Depot  
  23  2:29  SCV  
  24  2:34  Cyclone  
  26  2:41  SCV  
  26  2:43  Marine x2  
  29  2:53  SCV  
  29  2:54  Starport  
  30  3:01  Marine x2  
  31  3:06  SCV  
  31  3:07  Cyclone  
  34  3:18  SCV  
  34  3:19  Marine x2  
  37  3:28  Orbital Command  
  37  3:30  SCV  
  38  3:39  Marine x2  
  38  3:40  Medivac  
  42  3:43  SCV  
  42  3:44  Cyclone  
  45  3:51  Supply Depot  
  45  3:54  SCV  
  45  3:55  SCV  
  47  3:58  Marine x2  
  49  4:05  Supply Depot  
  49  4:06  SCV  
  49  4:07  SCV  
  51  4:13  Liberator  
  54  4:17  Marine  
  54  4:18  Factory Tech Lab, Marine  
  54  4:23  SCV x2  
  58  4:28  Supply Depot  
  58  4:35  Barracks, SCV x2  
  60  4:40  Siege Tank  
  60  4:43  Marine x2  
  65  4:47  SCV x2  
  61  5:00  SCV x2  
  61  5:01  Marine x2  
  61  5:03  Starport Tech Lab  
  65  5:09  Bunker  
  65  5:12  Barracks, Siege Tank, SCV x2  
  70  5:19  Marine x2  
  71  5:22  Raven  
  71  5:24  SCV  
  71  5:25  SCV, Refinery  
  71  5:26  Refinery  
  71  5:27  Supply Depot  
  71  5:28  Marine  
  75  5:29  Supply Depot  
  75  5:31  Supply Depot  
  76  5:37  Marine x2  
  76  5:41  SCV  
  77  5:43  SCV  
  77  5:48  Siege Tank  
  81  5:50  Marine  
  81  5:54  Marine x2  
  77  5:58  SCV x2  
  77  5:59  Medivac  
  77  6:00  Bunker  
  74  6:06  Barracks Tech Lab  
  74  6:08  Marine  
  74  6:10  SCV x2, Engineering Bay  
  77  6:12  Marine  
  75  6:19  Marine  
  75  6:20  Siege Tank  
  75  6:22  SCV x2  
  75  6:24  Marine  
  82  6:26  Marine  
  82  6:27  Stimpack  
  82  6:30  Marine  
  84  6:34  SCV x2, Refinery  
  84  6:37  Marine  
  87  6:42  Marine  
  87  6:46  SCV x2  
  89  6:47  Terran Infantry Weapons Level 1  
  89  6:49  Supply Depot  
  89  6:55  Starport Reactor  
  89  6:56  Command Center  
  89  7:01  Siege Tank  
  89  7:06  SCV x2  
  94  7:13  Barracks, Combat Shield  
  94  7:15  Barracks  
  94  7:18  SCV x2  
  96  7:23  Missile Turret  
  96  7:24  Supply Depot  
  96  7:29  Marine, Marauder x2  
  100  7:30  Marine  
  100  7:32  SCV  
  100  7:34  SCV  
  104  7:39  Missile Turret  
  104  7:43  Supply Depot  
  102  7:46  Factory Reactor  
  102  7:47  Marine  
  102  7:51  Marauder x2, Marine  
  108  7:56  Medivac x2  
  112  8:03  SCV x2  
  112  8:04  Barracks Tech Lab  
  113  8:07  Supply Depot  
  113  8:08  Supply Depot  
  113  8:10  Marine x2  
  115  8:16  Marauder x2  
  115  8:17  Marauder, Concussive Shells  
  115  8:19  SCV  
  122  8:21  SCV  
  123  8:31  SCV  
  123  8:33  Marauder, Marine, SCV  
  127  8:36  Widow Mine  
  127  8:37  Marauder, Widow Mine  
  127  8:40  Orbital Command  
  133  8:44  Marauder, Marine  
  133  8:47  Marauder  
  138  8:51  Armory  
  138  8:55  Supply Depot x2  
  138  8:58  Marauder  
  138  8:59  Marauder  
  138  9:00  Widow Mine  
  144  9:04  Widow Mine  
  144  9:06  Medivac  
  144  9:07  Medivac  
  149  9:11  SCV  
  149  9:12  SCV  
  151  9:20  Marauder, Marine  
  151  9:21  Marine  
  151  9:22  Marauder  
  153  9:25  Marauder  
  153  9:29  Widow Mine  
  153  9:30  Widow Mine  
  153  9:31  Marauder  
  160  9:36  Medivac  
  160  9:37  Marine, Medivac  
  161  9:39  Marine  
  161  9:41  Marauder  
  161  9:43  Marine  
  152  9:52  Marauder, Marine  
  154  9:54  Widow Mine x2  
  154  9:55  Marine  
  154  9:57  Marine  
  154  9:58  SCV x3  
  161  10:01  Marauder  
  161  10:02  Supply Depot x2  
  161  10:03  Marauder  
  163  10:09  Marine  
  163  10:10  SCV  
Show
View Real Time Build Order
Export as new Build Order

Strange Protoss 

Build Orders: 1 Gate Expand, Blink Stalkers 

Get SALT Encoding   

  12  0:00  Probe  
  13  0:12  Probe  
  14  0:17  Pylon  
  14  0:24  Probe (Chrono Boost)  
  15  0:36  Gateway, Probe (Chrono Boost)  
  16  0:43  Probe (Chrono Boost)  
  16  0:45  Assimilator  
  17  0:51  Probe  
  18  1:03  Probe  
  19  1:15  Probe  
  20  1:23  Cybernetics Core  
  20  1:32  Nexus  
  20  1:37  Pylon  
  20  1:39  Probe  
  21  1:47  Assimilator  
  21  1:51  Probe  
  22  2:00  Warp Gate, Adept (Chrono Boost)  
  24  2:04  Probe  
  25  2:12  Shield Battery  
  25  2:16  Probe  
  25  2:21  Stalker (Chrono Boost)  
  26  2:28  Probe  
  29  2:38  Twilight Council  
  29  2:40  Probe  
  30  2:44  Probe  
  30  2:47  Stalker (Chrono Boost)  
  33  2:52  Probe  
  34  2:59  Shield Battery  
  34  3:00  Probe  
  34  3:04  Probe  
  36  3:08  Blink (Chrono Boost)  
  36  3:12  Probe  
  35  3:16  Probe  
  36  3:24  Gateway, Probe  
  37  3:28  Probe  
  37  3:33  Gateway  
  38  3:36  Probe  
  38  3:40  Probe  
  40  3:46  Pylon  
  40  3:48  Probe  
  41  3:49  Stalker  
  41  3:53  Probe  
  44  3:55  Robotics Facility  
  44  4:00  Probe  
  45  4:03  Assimilator  
  45  4:05  Probe  
  46  4:12  Probe  
  46  4:13  Stalker  
  46  4:15  Pylon  
  49  4:17  Probe  
  49  4:20  Stalker  
  52  4:29  Probe, Pylon  
  54  4:33  Stalker  
  54  4:37  Stalker  
  57  4:39  Pylon  
  57  4:44  Pylon, Stalker  
  59  4:46  Observer  
  51  5:01  Stalker x2  
  55  5:08  Stalker  
  55  5:11  Probe  
  58  5:24  Probe (Chrono Boost)  
  58  5:26  Probe (Chrono Boost)  
  60  5:34  Probe (Chrono Boost)  
  62  5:36  Probe (Chrono Boost)  
  62  5:39  Probe (Chrono Boost)  
  63  5:44  Stalker  
  63  5:45  Nexus  
  63  5:53  Stalker  
  63  5:55  Stalker  
  63  5:56  Probe  
  60  6:06  Charge  
  60  6:08  Probe  
  60  6:09  Probe  
  60  6:10  Forge  
  62  6:21  Probe x2  
  64  6:29  Pylon  
  64  6:31  Observer, Zealot, Sentry x2  
  71  6:33  Probe x2  
  73  6:40  Protoss Ground Weapons Level 1 (Chrono Boost)  
  73  6:45  Probe  
  73  6:46  Probe  
  75  6:57  Probe  
  75  6:58  Probe  
  75  6:59  Gateway x2  
  77  7:04  Probe  
  77  7:05  Gateway  
  77  7:07  Shield Battery  
  78  7:08  Gateway  
  78  7:09  Probe  
  78  7:10  Immortal (Chrono Boost), Probe  
  84  7:16  Gateway, Probe  
  84  7:21  Probe  
  84  7:22  Probe  
  87  7:26  Pylon  
  87  7:28  Sentry, Probe  
  87  7:29  Zealot  
  92  7:31  Pylon  
  92  7:33  Probe  
  92  7:34  Probe  
  92  7:36  Photon Cannon  
  94  7:41  Observer  
  94  7:43  Warp Prism (Chrono Boost)  
  96  7:52  Pylon  
  96  7:54  Zealot x4  
  103  8:07  Robotics Bay  
  103  8:10  Immortal (Chrono Boost)  
  107  8:17  Protoss Ground Armor Level 1 (Chrono Boost), Pylon  
  107  8:18  Zealot x6  
  119  8:25  Pylon  
  119  8:37  Shield Battery  
  119  8:39  Immortal (Chrono Boost)  
  123  8:44  Colossus (Chrono Boost), Pylon x2  
  123  8:45  Pylon  
  121  8:52  Nexus  
  121  8:54  Pylon, Probe x2  
  123  9:03  Probe  
  123  9:06  Probe x2  
  126  9:10  Colossus (Chrono Boost)  
  132  9:21  Probe  
  127  9:31  Zealot x8  
  119  9:49  Shield Battery  
  119  9:51  Zealot x2  
  119  9:52  Zealot x6  
  131  9:56  Shield Battery  
  103  10:15  Zealot x5  
  103  10:16  Zealot x3  

Tags
 
Add a new tag
Caveats
  • Supply blocks, unpowered buildings, or Contaminate may cause inaccurate times.
  • Supply counts are checked every 10 seconds.